AoeStats
← [GDL] Maldito Pantoja

Nomad

508469847Analyzed
4v4 RM · 9d ago on Sep 22, 2026· 56m 33s· 8 players
Game mode
Random Map
Map size
231×231
Population
200
Speed
Normal
Resources
Standard
Victory
Conquest
Starting age
Dark Age
Ending age
Imperial Age
RankedLock teamsTeams togetherTeam positionsShared explorationLock speedFull tech treeHidden civsTurbo modeCheats
Victory
Defeat
🇨🇷 Sicilians · Costa Rica
1233
+13
🇲🇽 Huns · Mexico
1186
+15
🇨🇦 Danes · Canada
1153
+16
🇧🇷 Franks · Brazil
1147
+17
🇹🇼 Mongols · Taiwan
1240
-19
🇳🇱 Vietnamese · Netherlands
1190
-16
🇳🇱 Varangians · Netherlands
1168
-15
🇪🇸 Italians · Spain
1058
-11
Makarov99
4:43 Loom
15:21 Feudal Age
20:46 Castle Age
19:05 Double-Bit Axe
34:29 Wheelbarrow
35:47 Hand Cart
36:00 Gold Mining
36:32 Bow Saw
36:30 Scale Mail Armor
36:35 Scale Barding Armor
41:38 Imperial Age
40:15 Chain Barding Armor
40:48 Husbandry
40:44 Town Watch
42:42 Cavalier
43:58 Plate Barding Armor
43:39 Chain Mail Armor
43:35 Forging
43:35 Chivalry
44:06 Pikeman
44:47 Squires
45:41 Paladin
48:09 Iron Casting
48:45 Plate Mail Armor
50:19 Gold Shaft Mining
49:35 Stone Mining
52:12 Town Patrol
53:10 Padded Archer Armor
53:00 Fletching
54:11 Blast Furnace
54:11 Conscription
57:37 Chemistry
56:57 Ballistics
Goofba11
5:16 Loom
17:10 Feudal Age
22:11 Fletching
26:45 Castle Age
27:45 Bodkin Arrow
28:06 Medium Warships
27:37 Fishing Lines
35:40 Ballistics
36:57 Clinker Construction
37:04 Careening
37:05 Clinker Construction
38:51 Double-Bit Axe
43:42 Imperial Age
46:50 Bodkin Arrow
49:00 Chemistry
48:25 Carvel Hull
48:25 Dry Dock
50:21 Heavy Warships
50:01 Bracer
50:36 Conscription
52:35 Wheelbarrow
55:32 Forging
55:27 Squires
55:13 Arson
55:15 Gambesons
56:09 Elite Jomsviking
[GDL] Maldito Pantoja
4:14 Loom
15:38 Feudal Age
20:21 Castle Age
20:13 Scale Barding Armor
28:10 Horse Collar
28:18 Double-Bit Axe
29:40 Wheelbarrow
29:51 Gold Mining
33:38 Chain Barding Armor
33:37 Heavy Plow
34:42 Gold Shaft Mining
34:24 Bloodlines
34:14 Husbandry
35:30 Forging
38:44 Imperial Age
37:10 Iron Casting
45:06 Stone Mining
45:38 Hand Cart
45:09 Town Watch
48:46 Husbandry
50:01 Plate Barding Armor
51:13 Blast Furnace
49:35 Cavalier
52:48 Bow Saw
55:48 Paladin
seantairs
4:15 Loom
17:18 Feudal Age
21:02 Castle Age
19:27 Gold Mining
19:58 Double-Bit Axe
21:09 Bloodlines
20:51 Fletching
23:59 Bodkin Arrow
27:15 Padded Archer Armor
27:38 Ballistics
28:40 Horse Collar
31:08 Heavy Plow
31:22 Bow Saw
31:50 Wheelbarrow
31:02 Town Watch
38:14 Imperial Age
38:32 Capped Ram
39:16 Cranequins
40:07 Bracer
41:24 Heavy Mounted Crossbowman
43:52 Leather Archer Armor
45:27 Crop Rotation
46:35 Elite Skirmisher
47:37 Siege Ram
50:50 Pikeman
52:03 Halberdier
52:47 Scale Mail Armor
56:49 Hand Cart
MIB Asterix
5:15 Loom
13:54 Feudal Age
14:45 Double-Bit Axe
22:14 Castle Age
24:12 Wheelbarrow
23:50 Bow Saw
26:05 Town Watch
28:05 Fletching
30:20 Padded Archer Armor
30:15 Bodkin Arrow
34:18 Ballistics
34:50 Clinker Construction
34:51 Careening
35:37 Elite Skirmisher
37:36 Murder Holes
54:56 Hand Cart
Knaapje
6:01 Loom
14:04 Feudal Age
14:56 Double-Bit Axe
15:21 Horse Collar
17:07 Bloodlines
24:47 Castle Age
dan.rockerr
9:31 Loom
14:19 Feudal Age
16:40 Double-Bit Axe
18:14 Fishing Lines
21:15 Wheelbarrow
23:53 Castle Age
23:26 Horse Collar
25:19 Medium Warships
25:00 Gillnets
25:57 Padded Archer Armor
25:47 Fletching
26:34 Treadmill Crane
33:05 Bow Saw
33:19 Bodkin Arrow
37:39 Imperial Age
37:54 Ballistics
37:30 Murder Holes
39:27 Conscription
41:06 Chemistry
44:10 Leather Archer Armor
43:56 Bracer
45:22 Heavy Warships
46:42 Heavy Warships
47:59 Elite Genoese Crossbowman
52:50 Bloodlines
52:41 Husbandry
52:02 Light Cavalry
飛衫走奶
3:49 Loom
16:20 Feudal Age
17:09 Double-Bit Axe
17:18 Horse Collar
19:57 Castle Age
20:12 Wheelbarrow
21:16 Bow Saw
21:08 Heavy Plow
28:03 Hand Cart
28:23 Fletching
28:39 Padded Archer Armor
29:13 Bodkin Arrow
31:48 Ballistics
31:45 Leather Archer Armor
32:05 Pikeman
32:46 Squires
32:32 Arson
32:54 Gold Mining
32:55 Stone Mining
36:16 Imperial Age
34:26 Forging
34:16 Scale Mail Armor
36:41 Iron Casting
36:22 Chain Mail Armor
36:07 Murder Holes
37:25 Conscription
40:18 Bracer
41:57 Drill
41:45 Scale Barding Armor
44:27 Blast Furnace
43:48 Chain Barding Armor
45:08 Plate Mail Armor
45:03 Bloodlines
44:55 Husbandry
44:59 Elite Mangudai
45:01 Light Cavalry
47:20 Chemistry
46:04 Capped Ram
47:34 Siege Ram
48:46 Hussar
Connection lost

Rejoining the realm…

Still unreachable

The connection could not be restored.

Session expired

The server has moved on; the page needs a fresh start.